 Dungeon Crawl Stone Soup version 0.29.1-1-gd02db6906a (webtiles) character file.

Game seed: 2610769750555717484

186 safid the Shooter (level 5, 0/67 HPs)
             Began as a Minotaur Hunter on Oct 21, 2022.
             Slain by Pikel
             ... wielding a +2 whip of flaming
              (3 damage)
             ... on level 4 of the Dungeon.
             The game lasted 00:04:43 (2723 turns).

safid the Shooter (Minotaur Hunter)                 Turns: 2723, Time: 00:04:43

Health: 0/67       AC: 22    Str: 16    XL:     5   Next: 38%
Magic:  0/4        EV:  2    Int:  6    God:
Gold:   248        SH:  0    Dex: 15    Spells: 4/4 levels left

rFire   . . .      SeeInvis .   a - +0 shortbow
rCold   . . .      Faith    .   (shield currently unavailable)
rNeg    . . .      Spirit   +   (body armour currently unavailable)
rPois   +          Reflect  .   (helmet currently unavailable)
rElec   .          Harm     .   (cloak currently unavailable)
rCorr   .          Rampage  .   (gloves currently unavailable)
Will    .....      NoTele   +   (boots currently unavailable)
Stlth   ++........              i - amulet of guardian spirit
HPRegen 0.21/turn               (no ring)
MPRegen 0.09/turn               (no ring)

@: brilliant, tree-form
A: stationary, stasis, torment immunity, boosted hp, (horns 2), (retaliatory
headbutt)
a: no special abilities


You were on level 4 of the Dungeon.
You were a tree.
You visited 1 branch of the dungeon, and saw 4 of its levels.

You collected 248 gold pieces.

Inventory:

Hand Weapons
 a - a +0 shortbow (weapon)
Armour
 d - a +0 pair of boots (melded)
 f - a +0 scale mail (melded)
Jewellery
 i - an amulet of guardian spirit (around neck)
 t - an amulet of reflection
Wands
 o - a wand of iceblast (2)
Scrolls
 b - 2 scrolls of teleportation {unknown}
 e - 2 scrolls of amnesia {unknown}
 g - 2 scrolls of enchant weapon {unknown}
 j - a scroll of identify {unknown}
 k - a scroll of vulnerability {unknown}
 m - a scroll of fog {unknown}
 p - a scroll of torment {unknown}
 q - a scroll of poison {unknown}
 r - a scroll of fear {unknown}
 u - a scroll of noise {unknown}
Potions
 l - a potion of magic {unknown}
 n - a potion of haste {unknown}
 s - a potion of curing {unknown}


   Skills:
 - Level 3.0 Fighting
 + Level 7.2 Ranged Weapons
 - Level 2.1 Dodging
 - Level 0.7 Stealth


You had 4 spell levels left.
You didn't know any spells.
Your spell library contained the following spells:

 Spells                   Type           Power      Damage    Failure   Level
 Animate Dead             Necr           0%         N/A       99%         4
 Haunt                    Necr/Summ      0%         N/A       100%        7
 Borgnjor's Revivificati  Necr           0%         N/A       100%        8
 Infestation              Necr           0%         N/A       100%        8
 Necromutation            Tmut/Necr      0%         N/A       100%        8
 Death's Door             Necr           0%         N/A       100%        9


Dungeon Overview and Level Annotations

Branches:
Dungeon (4/15)
 Temple: D:4-7

Altars:
Sif Muna
Zin

Annotations:
D:4 Pikel


Innate Abilities, Weirdness & Mutations

You are a tree.
Your roots penetrate the ground, keeping you stationary.
You cannot be teleported.
You are immune to unholy pain and torment.
Your maximum health is greatly increased.
Your equipment is partially melded.
((You have a pair of horns on your head.))
((You reflexively headbutt those who attack you in melee.))


Message History

Aim: Pikel, wielding a +2 whip of flaming and wearing a +0 robe (heavily wounded, 56% to hit)
You shoot an arrow. The arrow hits Pikel.
Pikel is heavily wounded.
Pikel hits you with a +2 whip of flaming.
* * * LOW HITPOINT WARNING * * *
Pikel burns you.
* * * LOW HITPOINT WARNING * * *
Fire: a) +0 shortbow
Press: ? - help, Q - select action, (/) - cycle Shift-Dir - straight line, f/p - Pikel
Aim: Pikel, wielding a +2 whip of flaming and wearing a +0 robe (heavily wounded, 56% to hit)
You shoot an arrow. The arrow hits Pikel.
Pikel is heavily wounded.
Pikel hits you but does no damage.
Fire: a) +0 shortbow
Press: ? - help, Q - select action, (/) - cycle Shift-Dir - straight line, f/p - Pikel
Aim: Pikel, wielding a +2 whip of flaming and wearing a +0 robe (heavily wounded, 56% to hit)
You shoot an arrow. The arrow hits Pikel.
Pikel is heavily wounded.
Pikel hits you but does no damage.
Fire: a) +0 shortbow
Press: ? - help, Q - select action, (/) - cycle Shift-Dir - straight line, f/p - Pikel
Aim: Pikel, wielding a +2 whip of flaming and wearing a +0 robe (heavily wounded, 56% to hit)
You shoot an arrow. The arrow hits Pikel.
Pikel is severely wounded.
Pikel hits you with a +2 whip of flaming.
* * * LOW HITPOINT WARNING * * *
Pikel burns you.
* * * LOW HITPOINT WARNING * * *
Fire: a) +0 shortbow
Press: ? - help, Q - select action, (/) - cycle Shift-Dir - straight line, f/p - Pikel
Aim: Pikel, wielding a +2 whip of flaming and wearing a +0 robe (severely wounded, 56% to hit)
You shoot an arrow. The arrow hits Pikel.
Pikel is severely wounded.
Pikel hits you but does no damage.
It was a potion of brilliance.
You feel clever all of a sudden.
Pikel hits you with a +2 whip of flaming.
* * * LOW HITPOINT WARNING * * *
Pikel burns you.
You die...

### ####### #.....#
#.....###### #.....'....#
#.....####.##### .######
#.....#.........
......5###.....#.........
......5K♣......'.........
......5#######.#.........
....... #.#...[.....
....... #.#.........
....... #.#.........
....... ..+.........
....... ......#.....
....... ......#####+
####.###


You could see Pikel and 3 lemures.

Vanquished Creatures
  A lemure (D:4)
  A necrophage (D:4)
  4 adders
  A white imp (D:3)
  2 dart slugs (D:3)
  3 orcs (D:3)
  5 ball pythons
  8 endoplasms
  4 giant cockroaches
  6 goblins
  3 hobgoblins
  3 jackals (D:4)
  3 quokkas
  6 bats (D:1)
  5 frilled lizards
  4 kobolds
  7 rats
66 creatures vanquished.

Notes
Turn   | Place    | Note
-------+----------+-------------------------------------------
     0 | D:1      | safid the Minotaur Hunter began the quest for the Orb.
     0 | D:1      | Reached XP level 1. HP: 18/18 MP: 0/0
   359 | D:1      | Reached XP level 2. HP: 25/25 MP: 1/1
   793 | D:1      | Reached skill level 5 in Ranged Weapons
  1281 | D:2      | Reached XP level 3. HP: 28/31 MP: 2/2
  1856 | D:3      | Reached XP level 4. HP: 38/38 MP: 3/3
  1937 | D:3      | Reached skill level 6 in Ranged Weapons
  2163 | D:3      | Found a glowing silver altar of Zin.
  2443 | D:3      | Found a shimmering blue altar of Sif Muna.
  2551 | D:4      | Noticed a necrophage
  2562 | D:4      | Killed a necrophage
  2563 | D:4      | Reached skill level 7 in Ranged Weapons
  2563 | D:4      | Reached XP level 5. HP: 33/45 MP: 2/4
  2692 | D:4      | Noticed Pikel
  2692 | D:4      | Noticed a lemure
  2692 | D:4      | Noticed a lemure
  2692 | D:4      | Noticed a lemure
  2692 | D:4      | Noticed a lemure
  2712 | D:4      | Killed a lemure
  2723 | D:4      | HP: 3/67 [Pikel/+2 whip of flaming (5)]
  2723 | D:4      | Slain by Pikel

Illustrated notes

Levels and vault maps discovered:
D:1:      dpeg_arrival_circle_labyrinth_c, layout_basic
D:2:      layout_rooms, kennysheep_generic_room_3
D:3:      layout_loops_ring, led_sif_pool, lemuel_round_altar,
          minmay_randomly_rotated_circles
D:4:      layout_basic, minmay_misc_feat_tiny, mrwooster_statue_mirror,
          minmay_shop_grid_forest, uniq_pikel

Skill      XL: |  1  2  3  4 |
---------------+-------------+-----
Fighting       | 3 |  3.0
Ranged Weapons | 5 7 |  7.2
Dodging        | |  2.1
Stealth        | |  0.7

Action                   |  1- 3 |  4- 6 || total
-------------------------+-------+-------++-------
 Fire: Shortbow          |   121 |    87 ||   208
  Use: Potion            |       |     2 ||     2
Armor: Leather armour    |     2 |       ||     2
       Scale mail        |    25 |    13 ||    38
       Skin              |       |    12 ||    12
Dodge: Dodged            |    28 |    33 ||    61
